 Dungeon Crawl Stone Soup version 0.20-a0-270-g8e735b6 (webtiles) character file.

303 jerryfan the Grave Robber (level 6, 0/42 HPs)
             Began as a Vampire Necromancer on Dec 9, 2016.
             Slain by an adder (2 damage)
             ... on level 4 of the Dungeon.
             The game lasted 00:27:46 (5637 turns).

jerryfan the Grave Robber (Vampire Necromancer)     Turns: 5637, Time: 00:27:47

Health: 0/42       AC:  5    Str:  7    XL:     6   Next: 15%
Magic:  9/11       EV: 13    Int: 18    God:
Gold:   117        SH:  0    Dex: 16    Spells: 3/12 levels left

rFire  . . .     SeeInvis +     e - +1 dagger
rCold  . . .     Gourm    +     a - +0 robe
rNeg   + + .     Faith    .     (no shield)
rPois  .         Spirit   .     m - +1 helmet
rElec  .         Reflect  .     (no cloak)
rCorr  .         Harm     .     (no gloves)
MR     .....                    l - +0 pair of boots
Stlth  +++.......               o - amulet of the gourmand
                                (no ring)
                                p - ring of positive energy

@: lethally poisoned (0 -> -3)
A: fangs 3, see invisible, unbreathing
a: Bat Form


You were on level 4 of the Dungeon.
You were not thirsty.

You visited 1 branch of the dungeon, and saw 4 of its levels.
You also visited: Sewer.

You collected 117 gold pieces.

Inventory:

Hand Weapons
 e - a +1 dagger (weapon)
 j - a +0 dagger
 n - a -3 short sword
 u - a +2 rapier of speed
Missiles
 k - a javelin (quivered)
Armour
 a - a +0 robe (worn)
 l - a +0 pair of boots (worn)
 m - a +1 helmet (worn)
Jewellery
 o - an amulet of the gourmand (around neck)
 p - a ring of positive energy (left hand)
Wands
 r - a wand of paralysis (15/24)
Scrolls
 h - 2 scrolls of immolation
 t - 3 scrolls of identify
 v - a scroll of teleportation {unknown}
 w - a scroll of remove curse
 y - a scroll of enchant weapon
Potions
 c - 12 potions of blood
 g - a potion of brilliance
 i - a potion of might {unknown}
 q - a potion of lignification {unknown}
 s - a potion of cancellation {unknown}
Books
 b - a book of Necromancy

   Spells                             Type                      Level
   a - Pain                           Necromancy                   1
   b - Animate Skeleton               Necromancy                   1
   c - Vampiric Draining              Necromancy                   3
   d - Regeneration                   Charms/Necromancy            3
   e - Animate Dead                   Necromancy                   4
   f - Control Undead                 Necromancy                   4
 d - a book of Cantrips

   Spells                             Type                      Level
   a - Confusing Touch                Hexes                        1
   b - Animate Skeleton               Necromancy                   1
   c - Summon Small Mammal            Summoning                    1
   d - Apportation                    Translocation                1


   Skills:
 + Level 0.8 Fighting
 + Level 2.1 Short Blades
 + Level 3.0 Dodging
 + Level 4.4 Stealth
 + Level 3.5 Spellcasting
 + Level 5.9 Necromancy


You had 3 spell levels left.
You knew the following spells:

 Your Spells              Type           Power        Failure   Level  Hunger
a - Pain                  Necr           ###.         1%          1    None
b - Animate Skeleton      Necr           N/A          1%          1    None
c - Vampiric Draining     Necr           ###.......   4%          3    ###....
d - Animate Dead          Necr           N/A          17%         4    ####...


Dungeon Overview and Level Annotations

Branches:
Dungeon (4/15)
 Temple: D:4-7

Altars:


Innate Abilities, Weirdness & Mutations

You have razor-sharp teeth.
You have supernaturally acute eyesight. (SInv)
You can survive without breathing.


Message History

* * * LOW HITPOINT WARNING * * *
The ball python constricts you. The adder closely misses you.
The adder bites you.
* * * LOW HITPOINT WARNING * * *
The ball python barely misses you.
* * * LOW HITPOINT WARNING * * *
The ball python constricts you.
You escape the ball python's grasp.
The adder closely misses you. The adder bites you but does no damage.
The adder barely misses you.
* * * LOW HITPOINT WARNING * * *
You feel sick. The rat closely misses you.
You hit the worm.
The worm is lightly wounded.
The ball python bites you.
* * * LOW HITPOINT WARNING * * *
The ball python closely misses you. The adder barely misses you.
The rat bites you but does no damage. The worm barely misses you.
The adder bites you.
You die...

####.##........$## #
#. #...≈≈≈....#.# .
#. #..≈≈≈≈≈.....#
#.##.##..≈≈.≈≈..##.#
.........≈w≈≈≈..# .#
..........≈≈≈...# #
............r...#
#.##.##....rSS..#
...........S@..##
###..##.###.w.## #.
#.....>.# ..
#.####..# ## #S#
#..###... #?#
#.......#
##.###.####.####.##
#......SSr...#
......######.#


You could see 2 worms, 2 adders, a river rat, a ball python and a rat.

Vanquished Creatures
  A hound (D:3)
  An iguana (D:4)
  6 adders
  3 gnolls (D:4)
  10 oozes
  A worm (D:2)
  2 dart slugs (D:2)
  8 leopard geckos
  An orc (D:4)
  8 giant cockroaches
  14 goblins
  5 hobgoblins
  4 jackals (D:3)
  9 kobolds
  A quokka (D:2)
  4 ball pythons
  3 bats
  13 frilled lizards
  8 rats
102 creatures vanquished.

Vanquished Creatures (collateral kills)
  An ooze (Sewer)
  4 leopard geckos (Sewer)
  7 ball pythons (Sewer)
  3 giant cockroaches (Sewer)
  A frilled lizard (Sewer)
  A kobold (D:2)
  A rat (D:1)
18 creatures vanquished.

Grand Total: 120 creatures vanquished

Notes
Turn   | Place    | Note
-------+----------+-------------------------------------------
     0 | D:1      | jerryfan the Vampire Necromancer began the quest for the Orb.
     0 | D:1      | Reached XP level 1. HP: 13/13 MP: 3/3
   540 | D:1      | Reached XP level 2. HP: 15/19 MP: 5/5
   708 | D:1      | Learned a level 1 spell: Animate Skeleton
  1476 | D:2      | Reached skill level 5 in Necromancy
  1476 | D:2      | Reached XP level 3. HP: 22/24 MP: 2/6
  2893 | D:3      | HP: 1/25 [hound (5)]
  2894 | D:3      | Reached skill level 1 in Short Blades
  2894 | D:3      | Reached XP level 4. HP: 2/31 MP: 0/8
  3242 | D:3      | Learned a level 3 spell: Vampiric Draining
  3703 | D:3      | Learned a level 4 spell: Animate Dead
  3924 | D:3      | Reached XP level 5. HP: 36/36 MP: 9/9
  4352 | D:4      | Found a glowing drain.
  4400 | Sewer    | Entered a sewer
  5038 | Sewer    | Reached XP level 6. HP: 29/42 MP: 9/11
  5637 | D:4      | HP: 2/42 [ball python (1)]
  5637 | D:4      | Slain by an adder

Vault maps used:
D:1:      grunt_arrival_crossed_arrows, kennysheep_flooded_box
D:3:      first_bread, columned_hall_lemuel, minmay_surrounded
D:4:      okawaru_ov_weapons_minmay, portal_sewer_entry_a, kennysheep_cross_room
Sewer:    sewer_frog_island_02

Skill      XL: |  1  2  3  4  5  6 |
---------------+-------------------+-----
Necromancy     | 5 |  5.9
Short Blades   | 1 2 |  2.1
Spellcasting   | 3 |  3.5
Stealth        | 4 |  4.4
Dodging        | 3 |  3.0
Fighting       | |  0.8

Action                   |  1- 3 |  4- 6 || total
-------------------------+-------+-------++-------
Melee: Unarmed           |    11 |       ||    11
       Dagger            |    79 |   293 ||   372
       Bite              |    17 |    25 ||    42
       Short sword       |    11 |    48 ||    59
Throw: Javelin           |       |     2 ||     2
 Cast: Pain              |    60 |    35 ||    95
       Animate Skeleton  |     4 |     7 ||    11
       Vampiric Draining |       |     3 ||     3
       Animate Dead      |       |     5 ||     5
  Use: Potion            |    10 |    16 ||    26
       Scroll            |     5 |     3 ||     8
 Stab: Sleeping          |     4 |     4 ||     8
       Distracted        |     1 |     2 ||     3
Armor: Robe              |    15 |   152 ||   167
Dodge: Dodged            |    68 |   360 ||   428
